 Dungeon Sprint DCSS version 0.26-a0-651-gb41185065b (webtiles) character file.

Game seed: 9934041611544366104

128 rocky1 the Arsonist (level 4, -1/24 HPs)
             Began as a Deep Elf Fire Elementalist on Sept 30, 2020.
             Was a Priest of Vehumet.
             Slain by a warg (9 damage)
             ... in the Dungeon (Sprint VII: "The Pits").
             The game lasted 00:02:44 (312 turns).

rocky1 the Arsonist (Deep Elf Fire Elementalist)     Turns: 312, Time: 00:02:47

Health: -1/24      AC:  2    Str:  5    XL:     4   Next: 86%
Magic:  6/10       EV: 13    Int: 21    God:    Vehumet [***...]
Gold:   0          SH:  0    Dex: 15    Spells: 1/9 levels left

rFire    . . .     SeeInvis .   m - +2 quarterstaff (speed)
rCold    . . .     Faith    .   (shield currently unavailable)
rNeg     . . .     Spirit   .   a - +0 robe
rPois    .         Reflect  .   (no helmet)
rElec    .         Harm     .   (no cloak)
rCorr    .         Rampage  .   (no gloves)
MR       .....     NoTele   +   (no boots)
Stlth    ++........             (no amulet)
HPRegen  0.08/turn              (no ring)
MPRegen  0.12/turn              (no ring)

@: no status effects
A: no striking features
a: Renounce Religion


You were in the Dungeon.
You worshipped Vehumet.
Vehumet was most pleased with you.
You visited 1 branch

Inventory:

Hand Weapons
 m - a +2 quarterstaff of speed (weapon)
Armour
 a - a +0 robe (worn)
Scrolls
 h - a scroll of blinking
 i - 3 scrolls of remove curse
 j - 5 scrolls of amnesia
Potions
 b - 2 potions of invisibility
 c - 6 potions of curing
 d - 6 potions of heal wounds
 e - a potion of haste
 f - 4 potions of magic
 g - 3 potions of berserk rage


   Skills:
 - Level 2.4 Dodging
 - Level 2.4 Stealth
 - Level 3.0 Spellcasting
 + Level 7.5 Conjurations
 + Level 8.2 Fire Magic


You had one spell level left.
You knew the following spells:

 Your Spells              Type           Power        Failure   Level
a - Foxfire               Conj/Fire      ####         1%          1
b - Conjure Flame         Conj/Fire      #####...     1%          3
c - Sticky Flame          Conj/Fire      #####...     1%          4

Your spell library contained the following spells:

 Spells                   Type           Power        Failure   Level
 Sandblast                Erth           #.....       3%          1
 Inner Flame              Hex/Fire       ###.....     2%          3
 Fireball                 Conj/Fire      #####.....   4%          5


Dungeon Overview and Level Annotations

Branches:
Dungeon (1/1)

Altars:
Ashenzari
Cheibriados
Dithmenos
Elyvilon
Fedhas
Gozag
Hepliaklqana
Kikubaaqudgha
Makhleb
Nemelex Xobeh
Okawaru
Qazlal
Ru
Sif Muna
Trog
Uskayaw
Vehumet
Wu Jian
Xom
Yredelemnul
Zin
The Shining One
Beogh
Jiyva
Lugonu


Message History

Casting: Foxfire (safe; 1% risk of failure)
Confirm with . or Enter, or press ? or * to list all spells.
You conjure some foxfire!
Casting: Foxfire (safe; 1% risk of failure)
Confirm with . or Enter, or press ? or * to list all spells.
You can't see any susceptible monsters within range! (Use Z to cast anyway.)
Casting: Foxfire (safe; 1% risk of failure)
Confirm with . or Enter, or press ? or * to list all spells.
The fire begins to smolder!
The foxfire hits the warg.
The warg is lightly wounded.
The foxfire hits the warg.
The warg is moderately wounded.
The warg smothers the flame.
As you read the scroll of summoning, it crumbles to dust.
Wisps of shadow whirl around you... The warg bites you!
Ouch! That really hurt!
The adder skeleton bites your small abomination but does no damage.
Something barely misses your small abomination.
The warg bites you!
You die...

#'#####'#####.....
#.#...).#[[##.....
#.#..†..#))#####'#
#.###'###))##.....
#.#..††.#))##.....
#.#.....#..##.....
#x####'##'###...<.
#x#........##.....
#@#........##.....
#h###########.....
#rx..g..# ######
#SZ.#...# #..g# .#
#.##. #.. #. #..
.. #.. ..


You could see a warg, an adder, a quokka, a goblin, an adder skeleton and 3
friendly small abominations.

Vanquished Creatures
  A floating eye (D)
  An ooze (D)
  An adder zombie (D)
  A goblin (D)
  7 jackals (D)
  A quokka (D)
  A bat (D)
  A frilled lizard (D)
14 creatures vanquished.

Vanquished Creatures (others)
  29 foxfires (D)
29 creatures vanquished.

Grand Total: 43 creatures vanquished

Notes
Turn   | Place    | Note
-------+----------+-------------------------------------------
     0 | D        | rocky1 the Deep Elf Fire Elementalist began the quest for
                  | the Orb.
     0 | D        | Reached XP level 1. HP: 10/10 MP: 6/6
    19 | D        | Reached skill level 4 in Fire Magic
    25 | D        | Found a bloodstained altar of Trog.
    25 | D        | Found a shimmering blue altar of Sif Muna.
    25 | D        | Found a viscous altar of Jiyva.
    25 | D        | Found a hazy altar of Hepliaklqana.
    25 | D        | Found an opulent altar of Gozag.
    26 | D        | Found a glowing golden altar of the Shining One.
    26 | D        | Found a glowing silver altar of Zin.
    26 | D        | Found a basalt altar of Yredelemnul.
    26 | D        | Found a shimmering altar of Xom.
    26 | D        | Found an ornate altar of the Wu Jian Council.
    26 | D        | Found a sacrificial altar of Ru.
    26 | D        | Found a stormy altar of Qazlal.
    26 | D        | Found an iron altar of Okawaru.
    26 | D        | Found a sparkling altar of Nemelex Xobeh.
    26 | D        | Found a burning altar of Makhleb.
    26 | D        | Found a blossoming altar of Fedhas.
    26 | D        | Found a white marble altar of Elyvilon.
    26 | D        | Found a shadowy altar of Dithmenos.
    26 | D        | Found a snail-covered altar of Cheibriados.
    29 | D        | Found a corrupted altar of Lugonu.
    29 | D        | Found a radiant altar of Vehumet.
    29 | D        | Found a roughly hewn altar of Beogh.
    30 | D        | Found an ancient bone altar of Kikubaaqudgha.
    30 | D        | Found a hide-covered altar of Uskayaw.
    30 | D        | Found a broken altar of Ashenzari.
    38 | D        | Became a worshipper of Vehumet
    81 | D        | Noticed a floating eye
    85 | D        | Paralysed by a floating eye for 4 turns
    90 | D        | Paralysed by a floating eye for 2 turns
    94 | D        | Killed a floating eye
    94 | D        | Reached skill level 7 in Fire Magic
    94 | D        | Reached XP level 2. HP: 15/15 MP: 8/8
    94 | D        | Reached XP level 3. HP: 19/19 MP: 9/9
    94 | D        | Reached XP level 4. HP: 24/24 MP: 10/10
   108 | D        | Reached * piety under Vehumet
   108 | D        | Offered knowledge of Sandblast by Vehumet.
   131 | D        | Reached ** piety under Vehumet
   131 | D        | Reached skill level 8 in Fire Magic
   141 | D        | Reached *** piety under Vehumet
   270 | D        | Learned a level 3 spell: Conjure Flame
   275 | D        | Learned a level 4 spell: Sticky Flame
   308 | D        | Noticed a warg
   312 | D        | Slain by a warg

Illustrated notes

Levels and vault maps discovered:
D:        pitsprint [storerooms_1, entrance_room_1, metal_vault_6, armoury_1,
          mini_pit_1, grid_room_1, main_hall_1, silver_pit, the_coven_2,
          the_vestibule_1, steel_vault_3, golden_pit, hallway_of_sentries,
          crystal_vault_5, iron_vault_1, final_vault]

Skill      XL: |  1  2  3  4 |
---------------+-------------+-----
Conjurations   | 7 |  7.5
Fire Magic     | 7 8 |  8.2
Dodging        | |  2.4
Stealth        | |  2.4
Spellcasting   | |  3.0

Action                   |  1- 3 |  4- 6 || total
-------------------------+-------+-------++-------
Melee: Quarterstaff      |     5 |     4 ||     9
 Cast: Foxfire           |     3 |    13 ||    16
       Conjure Flame     |       |     1 ||     1
  Use: Scroll            |       |     1 ||     1
Armor: Robe              |     1 |     5 ||     6
Dodge: Dodged            |       |    10 ||    10

Table legend: (Time is in decaauts)
 A = Elapsed time spent in this place.
 B = Non-inter-level travel time spent in this place.
 C = Inter-level travel time spent in this place.
 D = Time resting spent in this place.
 E = Time spent auto-exploring this place.
 F = Levels seen in this place.
 G = Mean time per level.
                   A        B        C        D        E       F      G
               +--------+--------+--------+--------+--------+-----+--------+
         Total |    313 |    313 |      0 |     96 |      0 |   1 |  313.0 |
       Dungeon |    313 |    313 |      0 |     96 |      0 |   1 |  313.0 |
               +--------+--------+--------+--------+--------+-----+--------+

Top non-repeatable levels by time:
       D: 313 daAuts
